AoeStats
← Seeker

Yucatan

510399530Analyzed
3v3 RM · 1d ago on Sep 30, 2026· 53m 21s· 6 players
Game mode
Random Map
Map size
Normal (6 player)
Population
200
Speed
Normal
Resources
Standard
Victory
Conquest
Starting age
Dark Age
Ending age
Imperial Age
RankedLock teamsTeams togetherTeam positionsShared explorationLock speedFull tech treeHidden civsTurbo modeCheats
Victory
Defeat
🇷🇸 Byzantines · Serbia
694
+9
🇩🇪 Britons · Germany
640
+11
🇩🇪 Teutons · Germany
599
+13
🇩🇪 Vietnamese · Germany
606
-14
🇩🇪 Ethiopians · Germany
498
-10
🇩🇪 Khmer · Germany
479
-9
Destiny9x
10:12 Feudal Age
12:22 Double-Bit Axe
12:48 Padded Archer Armor
12:38 Fletching
13:00 Forging
20:37 Castle Age
21:43 Bow Saw
28:36 Horse Collar
28:55 Bodkin Arrow
30:48 Heavy Plow
32:41 Gold Mining
32:42 Stone Mining
35:07 Gold Shaft Mining
34:49 Leather Archer Armor
34:41 Heated Shot
34:32 Treadmill Crane
35:24 Ballistics
37:04 Loom
39:53 Imperial Age
40:40 Yeomen
39:55 Elite Longbowman
43:24 Warwolf
42:53 Onager
44:42 Chemistry
44:20 Ring Archer Armor
43:50 Bracer
Seeker
11:18 Feudal Age
11:44 Double-Bit Axe
19:07 Castle Age
17:38 Gold Mining
19:17 Horse Collar
19:32 Stone Mining
21:41 Wheelbarrow
22:09 Bow Saw
28:19 Stone Shaft Mining
29:47 Forging
39:08 Imperial Age
39:05 Iron Casting
40:23 Conscription
41:18 Hand Cart
45:39 Elite Cataphract
49:02 Scale Barding Armor
50:36 Logistica
51:35 Two-Man Saw
52:37 Chain Barding Armor
51:49 Elite Skirmisher
52:34 Thumb Ring
52:23 Fletching
52:34 Padded Archer Armor
54:06 Hoardings
Ser_Gen_T
12:43 Feudal Age
13:26 Double-Bit Axe
13:26 Horse Collar
22:17 Castle Age
21:00 Gold Mining
23:03 Fishing Lines
23:38 Bow Saw
23:34 Heavy Plow
27:32 Forging
27:13 Pikeman
27:58 Squires
28:24 Stone Mining
30:51 Iron Casting
33:52 Imperial Age
32:15 Scale Mail Armor
33:27 Chain Mail Armor
34:19 Elite Teutonic Knight
36:32 Wheelbarrow
38:48 Blast Furnace
39:05 Halberdier
40:36 Plate Mail Armor
41:26 Arson
Hayriii1907
3:01 Loom
14:09 Feudal Age
16:23 Double-Bit Axe
23:40 Castle Age
21:58 Horse Collar
23:46 Elite Skirmisher
26:18 Murder Holes
35:20 Imperial Age
34:34 Fletching
36:48 Chatras
38:29 Paper Money
39:15 Bow Saw
42:12 Chemistry
41:13 Imperial Skirmisher
42:34 Thumb Ring
49:16 Bodkin Arrow
49:22 Padded Archer Armor
53:28 Heavy Plow
Aykuuut1907
1:39 Loom
11:44 Feudal Age
12:54 Man-at-Arms
24:32 Castle Age
27:05 Pikeman
48:10 Horse Collar
55:46 Imperial Age
Ottoman5734
11:31 Feudal Age
16:31 Double-Bit Axe
20:57 Castle Age
20:45 Horse Collar
20:59 Fletching
21:10 Padded Archer Armor
22:38 Scale Mail Armor
25:55 Wheelbarrow
28:39 Crossbowman
31:08 Light Cavalry
32:22 Bow Saw
32:16 Heavy Plow
32:49 Hand Cart
33:23 Chain Mail Armor
33:25 Leather Archer Armor
33:05 Bodkin Arrow
34:39 Squires
34:25 Arson
35:46 Fortified Wall
37:01 Masonry
39:39 Gold Mining
39:40 Stone Mining
40:26 Thumb Ring
46:38 Imperial Age
45:39 Ballistics
47:09 Forging
47:05 Scale Barding Armor
46:48 Cavalier
47:30 Husbandry
48:06 Ring Archer Armor
48:07 Plate Mail Armor
48:28 Elite Shotel Warrior
48:36 Arbalester
Connection lost

Rejoining the realm…

Still unreachable

The connection could not be restored.

Session expired

The server has moved on; the page needs a fresh start.